Map: Neon Violet Square LE

Players

llllllllllll (Oliveira) - Winner!

  • Race: Terran Terran
  • League: Grandmaster
  • Spawn Location: 5:00

Hurricane

  • Race: Protoss Protoss
  • League: Grandmaster
  • Spawn Location: 11:00

VOD

Have the link to the VOD?

Description

Time

  • Played on: Feb. 13, 2018, 8:59 a.m.
  • Length: 9:41
Show
View Real Time Build Order
Export as new Build Order

llllllllllll Terran - Winner!

Build Orders: Liberator Opening, Reaper Expand, MMM Bio 

Get SALT Encoding   

  12  0:01  SCV  
  13  0:13  SCV  
  14  0:18  Supply Depot  
  14  0:25  SCV  
  15  0:30  Refinery  
  15  0:39  SCV  
  16  0:46  Barracks  
  16  0:51  SCV  
  17  1:03  SCV  
  18  1:16  SCV  
  19  1:33  Reaper, Orbital Command  
  20  1:45  Command Center  
  20  1:56  Factory  
  20  1:59  SCV  
  21  2:07  Barracks Reactor  
  21  2:11  SCV  
  21  2:14  Supply Depot  
  22  2:17  Refinery  
  22  2:23  SCV  
  23  2:36  SCV  
  24  2:44  Starport  
  24  2:48  SCV  
  24  2:49  Hellion x2  
  29  2:56  Orbital Command  
  29  3:00  SCV  
  29  3:02  Orbital Command  
  30  3:10  Widow Mine  
  30  3:12  SCV  
  33  3:20  Barracks Tech Lab, Medivac  
  33  3:24  SCV  
  35  3:34  Widow Mine x2  
  35  3:36  SCV x2  
  35  3:40  Supply Depot  
  41  3:44  Liberator  
  42  3:48  SCV x2  
  43  4:00  SCV x2  
  41  4:07  Marine x2  
  41  4:09  Cyclone  
  43  4:12  SCV  
  43  4:13  Barracks  
  44  4:17  SCV  
  44  4:24  SCV  
  44  4:28  Marine x2  
  44  4:29  SCV  
  48  4:34  Engineering Bay  
  48  4:37  SCV  
  49  4:41  Supply Depot, SCV  
  50  4:49  SCV  
  50  4:50  Barracks  
  51  4:53  SCV, Factory Reactor  
  51  4:54  Starport Reactor, Marine  
  51  4:55  Stimpack  
  53  5:01  Terran Infantry Weapons Level 1  
  53  5:05  SCV x2  
  55  5:09  Refinery  
  55  5:10  Refinery  
  55  5:12  Supply Depot  
  55  5:13  Marine  
  56  5:17  SCV x2, Marine x2  
  60  5:27  Supply Depot  
  60  5:29  SCV x2  
  60  5:34  Marauder  
  64  5:37  Marine x2  
  64  5:38  Widow Mine x2  
  64  5:39  Barracks Tech Lab  
  70  5:47  Supply Depot  
  70  5:49  SCV x2  
  72  5:51  Medivac  
  72  5:56  Marine x2  
  76  5:57  Combat Shields  
  76  5:58  Marine  
  76  6:01  SCV  
  78  6:08  Supply Depot  
  78  6:09  Widow Mine x2, Marauder  
  84  6:12  Liberator  
  84  6:14  SCV x2  
  84  6:17  Supply Depot  
  86  6:21  Liberator  
  86  6:26  Supply Depot  
  86  6:29  Marine x2  
  86  6:30  Marauder  
  93  6:33  Marine  
  97  6:41  Widow Mine x2  
  101  6:47  Marine  
  101  6:48  Supply Depot, Marine  
  101  6:51  Marauder  
  105  6:54  Marine  
  105  6:55  Liberator  
  105  6:58  Terran Infantry Armor Level 1  
  106  7:05  Marine  
  106  7:06  Widow Mine, Marine  
  110  7:10  Widow Mine  
  110  7:11  Supply Depot  
  110  7:12  Marine, Marauder  
  118  7:18  Supply Depot  
  118  7:20  Supply Depot  
  118  7:32  Marine x3  
  118  7:33  Widow Mine x2, Marine  
  126  7:40  Supply Depot, Medivac, Liberator  
  126  7:44  Supply Depot  
  128  7:50  Marine x2  
  128  7:51  Marine, Marauder  
  132  7:55  Widow Mine x2  
  140  8:08  Marine x2  
  140  8:09  Marauder  
  140  8:12  Marauder  
  146  8:13  Liberator  
  146  8:16  Widow Mine x2  
  148  8:23  Liberator  
  148  8:26  Marine x2  
  134  8:30  Marine  
  134  8:33  Marauder  
  143  8:44  Marine x2  
  143  8:48  Marine  
  143  8:55  Marauder  
  133  9:01  Marine x2  
  133  9:06  Marauder  
  133  9:09  Widow Mine  
  134  9:16  Marine  
  133  9:19  Marine x2  
Show
View Real Time Build Order
Export as new Build Order

Hurricane Protoss 

Build Orders: 1 Gate Expand, Oracle Opening 

Get SALT Encoding   

  12  0:01  Probe  
  13  0:13  Probe  
  14  0:17  Pylon  
  14  0:25  Probe (Chrono Boost)  
  15  0:37  Probe (Chrono Boost)  
  15  0:38  Gateway  
  16  0:45  Probe (Chrono Boost)  
  16  0:46  Assimilator  
  17  0:51  Probe  
  18  1:03  Probe  
  19  1:15  Probe  
  20  1:23  Nexus  
  20  1:33  Cybernetics Core  
  20  1:37  Probe  
  21  1:41  Assimilator  
  21  1:49  Probe  
  21  1:52  Pylon  
  22  2:01  Probe  
  22  2:08  Adept (Chrono Boost)  
  23  2:13  Probe  
  26  2:16  Stargate  
  26  2:25  Warp Gate, Probe  
  27  2:30  Adept  
  27  2:35  Probe (Chrono Boost)  
  30  2:37  Probe (Chrono Boost)  
  31  2:47  Probe (Chrono Boost)  
  31  2:48  Probe (Chrono Boost)  
  33  2:51  Probe (Chrono Boost)  
  33  2:53  Probe (Chrono Boost)  
  35  3:01  Oracle (Chrono Boost)  
  35  3:02  Probe  
  38  3:06  Probe  
  38  3:14  Probe  
  38  3:17  Adept  
  38  3:19  Pylon  
  41  3:21  Probe  
  42  3:28  Probe  
  42  3:29  Oracle (Chrono Boost)  
  46  3:37  Probe  
  46  3:40  Probe  
  48  3:49  Nexus  
  48  3:50  Probe  
  48  3:54  Probe  
  48  4:03  Probe  
  48  4:06  Probe  
  50  4:12  Phoenix  
  50  4:15  Probe  
  50  4:16  Gateway  
  50  4:17  Gateway  
  53  4:18  Probe  
  54  4:25  Assimilator x2  
  54  4:27  Pylon  
  54  4:35  Twilight Council, Forge  
  52  4:41  Phoenix  
  52  4:45  Probe x2  
  56  4:57  Probe x2, Protoss Ground Armor Level 1  
  56  4:58  Robotics Facility  
  56  4:59  Stalker  
  60  5:01  Probe  
  60  5:02  Pylon  
  61  5:07  Phoenix  
  61  5:09  Probe  
  61  5:10  Probe  
  61  5:13  Charge (Chrono Boost)  
  65  5:18  Probe  
  66  5:23  Probe (Chrono Boost)  
  66  5:24  Probe (Chrono Boost)  
  68  5:30  Probe (Chrono Boost), Pylon  
  68  5:34  Phoenix  
  73  5:38  Sentry  
  73  5:40  Probe x3 (Chrono Boost)  
  76  5:45  Probe (Chrono Boost)  
  76  5:46  Probe  
  76  5:47  Probe, Observer  
  76  5:48  Pylon  
  80  5:58  Probe  
  80  5:59  Gateway  
  80  6:00  Gateway  
  80  6:01  Gateway  
  80  6:02  Phoenix  
  83  6:05  Probe x2  
  85  6:14  Observer (Chrono Boost)  
  85  6:16  Zealot  
  85  6:17  Zealot x2  
  92  6:23  Gateway  
  92  6:24  Gateway  
  92  6:25  Pylon  
  92  6:29  Pylon  
  92  6:34  Observer (Chrono Boost)  
  92  6:38  Templar Archives  
  91  6:40  Pylon  
  91  6:44  Zealot x2  
  91  6:45  Sentry  
  97  6:56  Probe, Observer (Chrono Boost), Assimilator  
  97  6:57  Probe x2  
  97  6:58  Protoss Ground Armor Level 2 (Chrono Boost)  
  97  7:01  Assimilator  
  101  7:02  Pylon  
  101  7:04  Zealot x3  
  107  7:10  Zealot x3  
  107  7:12  Shield Battery  
  107  7:15  Pylon, Immortal (Chrono Boost)  
  113  7:18  Forge  
  113  7:19  Blink  
  117  7:31  Zealot x4  
  117  7:33  Zealot x2  
  117  7:35  Zealot  
  131  7:37  Zealot  
  133  7:53  Stalker x4  
  133  7:58  Pylon x2  
  141  7:59  Pylon  
  137  8:16  Zealot x4  
  137  8:17  Zealot x4  
  111  8:37  Gateway, High Templar x5  
  111  8:38  Zealot x2, Gateway, High Templar  
  127  8:41  Archon x3  
  105  8:59  Zealot x2  
  104  9:09  Zealot  
  104  9:10  Zealot x4  
  77  9:28  Zealot x2  
  69  9:32  Zealot x4  
Tags
 
Add a new tag
Caveats
  • Supply blocks, unpowered buildings, or Contaminate may cause inaccurate times.
  • Supply counts are checked every 10 seconds.